 Seeded DCSS version 0.30-a0-218-gedb9141078 (webtiles) character file.

Game seed: 16325529221887051656 (custom seed)

2430 hikkokomori the Ruffian (level 9, -14/88 HPs)
             Began as a Troll Gladiator on Aug 17, 2022.
             Was an Initiate of Okawaru.
             Demolished by a large abomination (24 damage)
             ... on level 1 of the Abyss on Oct 6, 2022.
             The game lasted 00:12:13 (4366 turns).

hikkokomori the Ruffian (Troll Gladiator)           Turns: 4366, Time: 00:12:13

Health: -14/88     AC: 12    Str: 32    XL:     9   Next: 24%
Magic:  8/8        EV: 12    Int:  4    God:    Okawaru [......]
Gold:   1111       SH:  0    Dex: 13    Spells: 8/8 levels left

rFire   . . .      SeeInvis .      - Unarmed
rCold   . . .      Faith    .    (no shield)
rNeg    . . .      Spirit   .    k - +2 animal skin
rPois   .          Reflect  .    y - +2 hat
rElec   .          Harm     .    (no cloak)
rCorr   .          Rampage  .    (gloves unavailable)
Will    .....                    (boots unavailable)
Stlth   +.........               j - amulet of regeneration
HPRegen 1.94/turn                o - +4 ring of protection
MPRegen 0.11/turn                s - +6 ring of strength

@: confused, invisible
A: large, unfitting armour, claws 3, regeneration 1, shaggy fur 1, tough skin 1
a: Renounce Religion


You were on level 1 of the Abyss.
You worshipped Okawaru.
Okawaru was noncommittal.
You visited 2 branches of the dungeon, and saw 7 of its levels.
You visited the Abyss 1 time.

You collected 1111 gold pieces.

Inventory:

Missiles
 c - 3 throwing nets (quivered)
 d - a large rock
Armour
 a - a +0 robe
 b - a +1 hat
 k - a +2 animal skin (worn)
 y - a +2 hat (worn)
Jewellery
 h - a ring of poison resistance
 j - an amulet of regeneration (around neck)
 o - a +4 ring of protection (left claw)
 s - a +6 ring of strength (right claw)
 u - a ring of magical power
 w - an amulet of the acrobat
Wands
 q - a wand of roots (2)
 D - a wand of flame (27)
Scrolls
 e - a scroll of enchant weapon
 g - 2 scrolls of acquirement
 m - a scroll of torment {unknown}
 r - a scroll of enchant armour
 x - a scroll of magic mapping {unknown}
 C - a scroll of poison {unknown}
Potions
 f - 2 potions of brilliance
 i - 4 potions of heal wounds
 n - a potion of berserk rage
 p - a potion of lignification
 t - a potion of might
 v - 2 potions of haste
 z - 2 potions of magic {unknown}
 B - 2 potions of flight


   Skills:
 + Level 5.4 Fighting
 + Level 5.9 Throwing
 + Level 5.7 Dodging
 + Level 6.9 Unarmed Combat


You had 8 spell levels left.
You didn't know any spells.
Your spell library contained the following spells:

 Spells                   Type           Power      Damage    Failure   Level
 Gell's Gravitas          Tloc           0%         N/A       86%         3
 Lesser Beckoning         Tloc           0%         N/A       86%         3
 Portal Projectile        Hex/Tloc       0%         N/A       86%         3
 Teleport Other           Tloc           0%         N/A       86%         3
 Blade Hands              Tmut           0%         N/A       100%        5
 Tukima's Dance           Hex            Unusable   N/A       N/A         3

Dungeon Overview and Level Annotations

Branches:
Dungeon (6/15)             Temple (1/1) D:6

Altars:
Ashenzari
Cheibriados
Dithmenos
Elyvilon
Fedhas
Gozag
Hepliaklqana
Makhleb
Okawaru
Qazlal
Ru
Sif Muna
Trog
Uskayaw
Vehumet
Xom
Zin
The Shining One

Shops:
D:3 (

Annotations:
D:6 Maggie


Innate Abilities, Weirdness & Mutations

You are too large for most types of armour.
You have claws for hands.
Your natural rate of healing is unusually fast.
You are covered in fur. (AC +1)
You have tough skin. (AC +1)


Message History

The smoke demon hits you but does no damage. x2
The smoke demon closely misses you.
The smoke demon gestures at something.
A freezing wraith comes into view.
A chorus of shrieks assaults your mind.
The smoke demon gestures at the large abomination.
The large abomination closely misses you.
An iron imp comes into view.
The smoke demon gestures at the large abomination.
The large abomination hits you!!
The iron imp shouts, "Tremble, thou feeble weather-bitten fleecer!"
You bump into the rock wall.
The iron imp shouts!
The starcursed mass touches you but does no damage.
A chorus of shrieks assaults your mind.
The smoke demon hits you but does no damage. x3
The large abomination hits you!
* * * LOW HITPOINT WARNING * * *
You closely miss the smoke demon. The smoke demon barely misses you.
The smoke demon completely misses you. The smoke demon barely misses you.
The large abomination is engulfed in a cloud of scalding steam.
The large abomination hits you but does no damage.
Unknown command.
You bump into the rock wall.
The starcursed mass touches you.
* * * LOW HITPOINT WARNING * * *
A chorus of shrieks assaults your mind.
* * * LOW HITPOINT WARNING * * *
The smoke demon hits you.
* * * LOW HITPOINT WARNING * * *
The smoke demon hits you but does no damage.
The smoke demon barely misses you.
The large abomination hits you but does no damage.
The starcursed mass attacks as you move away!
The starcursed mass touches you.
* * * LOW HITPOINT WARNING * * *
A great orb of eyes comes into view.
The great orb of eyes turns its gaze towards you.
The large abomination is engulfed in a cloud of scalding steam.
The large abomination hits you!!
You die...

...... .# .# .... . #
#.....#.. .......
...#####.....#.# ...
... .##........§.#
..........##......§.§.#
... ...#..##.......§..#
..#.. .X . ..........#
.... ..5.. ###§§§.G...#
. .. ... XX##..X@# ...
..ZX #..X§X# ####
§##.#..W3.# .####
#.5..## X ...#'#.# . .
.....#. ## .. ......#..
......#### ......'


You could see 2 starcursed masses, a great orb of eyes, a large abomination
(unable to see you), a freezing wraith, a smoke demon (unable to see you) and an
iron imp (unable to see you).

Vanquished Creatures
  Grinder (D:3)
  Prince Ribbit (D:5)
  Sigmund (D:2)
  Eustachio (D:4)
  2 water moccasins
  An orc warrior (D:6)
  An ice beast (D:6)
  An ogre (D:6)
  A bullfrog (D:6)
  A necrophage (D:6)
  3 scorpions
  6 killer bees (D:4)
  A hound (D:5)
  2 orc priests
  2 jellies (D:4)
  A gnoll bouda (D:4)
  Terence (D:2)
  Ijyb (D:3)
  2 iguanas
  4 orc wizards (D:6)
  Robin (D:2)
  4 gnolls (D:4)
  10 adders
  A shadow imp (D:5)
  A white imp (D:5)
  An ufetubus (D:4)
  2 worms
  4 dart slugs
  13 orcs
  3 ball pythons
  10 endoplasms
  14 goblins
  9 hobgoblins
  8 kobolds
  3 quokkas
  6 bats
  2 frilled lizards (D:1)
  4 rats
130 creatures vanquished.

Vanquished Creatures (others)
  A golden eye (Abyss:1)
  A starcursed mass (Abyss:1)
  An ufetubus (Abyss:1)
3 creatures vanquished.

Grand Total: 133 creatures vanquished

Notes
Turn   | Place    | Note
-------+----------+-------------------------------------------
     0 | D:1      | hikkokomori the Troll Gladiator began the quest for the
                  | Orb.
     0 | D:1      | Reached XP level 1. HP: 19/19 MP: 0/0
     0 | D:1      | Upgraded the game from 0.29-a0-1047-g7c58e119a4 to
                  | 0.30-a0-4-ga7cffc901d
    96 | D:1      | Upgraded the game from 0.30-a0-4-ga7cffc901d to
                  | 0.30-a0-52-g86a8295270
   172 | D:1      | Reached XP level 2. HP: 28/28 MP: 1/1
   692 | D:1      | Upgraded the game from 0.30-a0-52-g86a8295270 to
                  | 0.30-a0-218-gedb9141078
   712 | D:2      | Reached XP level 3. HP: 35/35 MP: 2/2
   949 | D:2      | Noticed Sigmund
   960 | D:2      | Killed Sigmund
   961 | D:2      | Reached skill level 4 in Unarmed Combat
   961 | D:2      | Reached XP level 4. HP: 36/44 MP: 3/3
   961 | D:2      | Reached XP level 5. HP: 41/50 MP: 4/4
   977 | D:2      | Noticed Terence
   981 | D:2      | Noticed Robin
  1003 | D:2      | Killed Robin
  1224 | D:2      | Killed Terence
  1225 | D:2      | Reached XP level 6. HP: 61/61 MP: 5/5
  1241 | D:2      | Found a faded altar of an unknown god.
  1603 | D:3      | Noticed Ijyb
  1614 | D:3      | Killed Ijyb
  1770 | D:3      | Found Ijaiwol's Antique Weapon Shoppe.
  2012 | D:3      | Found a broken altar of Ashenzari.
  2263 | D:4      | Noticed Eustachio
  2277 | D:4      | Killed Eustachio
  2283 | D:4      | Noticed Grinder
  2302 | D:3      | Paralysed by Grinder for 5 turns
  2315 | D:3      | Paralysed by Grinder for 3 turns
  2324 | D:3      | Paralysed by Grinder for 3 turns
  2332 | D:3      | Killed Grinder
  2333 | D:3      | Reached skill level 5 in Unarmed Combat
  2333 | D:3      | Reached XP level 7. HP: 59/68 MP: 6/6
  2556 | D:4      | Reached XP level 8. HP: 70/78 MP: 7/7
  2706 | D:4      | Found a radiant altar of Vehumet.
  2920 | D:4      | Reached skill level 5 in Throwing
  2920 | D:4      | Reached skill level 6 in Unarmed Combat
  3067 | D:5      | Entered Level 5 of the Dungeon
  3163 | D:5      | Reached skill level 5 in Dodging
  3377 | D:5      | Noticed Prince Ribbit
  3384 | D:5      | Killed Prince Ribbit
  3385 | D:5      | Reached skill level 5 in Fighting
  3780 | D:6      | Reached XP level 9. HP: 85/88 MP: 8/8
  3841 | D:6      | Found a hazy altar of Hepliaklqana.
  3915 | D:6      | Found a staircase to the Ecumenical Temple.
  4009 | Temple   | Entered the Ecumenical Temple
  4025 | Temple   | Became a worshipper of Warmaster Okawaru
  4237 | D:6      | Noticed Maggie
  4240 | Abyss:1  | Cast into level 1 of the Abyss (Maggie)
  4259 | Abyss:1  | Noticed a smoke demon
  4302 | Abyss:1  | Noticed a starcursed mass
  4306 | Abyss:1  | Identified 3 scrolls of acquirement
  4306 | Abyss:1  | Acquired 795 gold pieces
  4341 | Abyss:1  | Noticed a large abomination
  4360 | Abyss:1  | Noticed a freezing wraith
  4366 | Abyss:1  | Noticed a great orb of eyes
  4366 | Abyss:1  | Demolished by a large abomination

Illustrated notes

Levels and vault maps discovered:
D:1:      dpeg_arrival_shrine, layout_basic, minmay_ruptured
D:2:      layout_basic, shapermc_ecumenical_altar_ellora, minmay_quantized,
          uniq_robin, uniq_sigmund, uniq_terence
D:3:      layout_basic, mainiacjoe_overflow_alcove_4, serial_shops,
          nicolae_lakefront_shop, uniq_ijyb
D:4:      layout_basic, lemuel_doored_altar, st_stairs_6, uniq_eustachio,
          uniq_grinder
D:5:      layout_basic, skrybe_limestone_x, uniq_prince_ribbit1
D:6:      layout_basic, kennysheep_mini, minmay_temple_entry_statues_fountains,
          uniq_maggie
Temple:   hellmonk_temple_two_chambers
Abyss:1:  base:
D:2

Skill      XL: |  1  2  3  4  5  6  7  8 |
---------------+-------------------------+-----
Throwing       | 2 3 4 5 |  5.9
Fighting       | 2 3 4 5 |  5.4
Dodging        | 3 4 5 |  5.7
Unarmed Combat | 4 5 6 |  6.9

Action                   |  1- 3 |  4- 6 |  7- 9 || total
-------------------------+-------+-------+-------++-------
Melee: Unarmed           |    72 |   114 |   220 ||   406
       Punch             |       |     4 |     3 ||     7
Throw: Throwing net      |     1 |     2 |       ||     3
       Large rock        |       |     1 |       ||     1
Evoke: Wand              |       |     1 |       ||     1
  Use: Potion            |       |       |     3 ||     3
       Scroll            |       |       |    10 ||    10
 Stab: Held in net/web   |       |     1 |       ||     1
Armor: Robe              |    32 |     7 |       ||    39
       Animal skin       |       |    27 |    92 ||   119
       Skin              |       |       |    26 ||    26
Dodge: Dodged            |    24 |    59 |   108 ||   191

Table legend: (Time is in decaauts)
 A = Elapsed time spent in this place.
 B = Non-inter-level travel time spent in this place.
 C = Inter-level travel time spent in this place.
 D = Time resting spent in this place.
 E = Time spent auto-exploring this place.
 F = Levels seen in this place.
 G = Mean time per level.
                   A        B        C        D        E       F      G
               +--------+--------+--------+--------+--------+-----+--------+
         Total |   4329 |   4181 |    148 |     27 |   3174 |   8 |  541.1 |
       Dungeon |   4173 |   4037 |    136 |     27 |   3158 |   6 |  695.5 |
        Temple |     30 |     19 |     11 |      0 |     16 |   1 |   30.0 |
         Abyss |    125 |    125 |      0 |      0 |      0 |   1 |  125.0 |
               +--------+--------+--------+--------+--------+-----+--------+

Top non-repeatable levels by time:
     D:3: 908 daAuts
     D:4: 724 daAuts
     D:2: 706 daAuts
     D:1: 705 daAuts
     D:5: 613 daAuts
     D:6: 515 daAuts
 Abyss:1: 125 daAuts
  Temple: 30 daAuts
